[Event "Live Chess"]
[Site "Chess.com"]
[Date "2023.05.21"]
[Round "-"]
[White "JoeRoot66"]
[Black "LanceMaster23"]
[Result "1/2-1/2"]
[WhiteElo "1890"]
[BlackElo "1945"]
[TimeControl "300"]
[EndTime "6:01:25 PDT"]
[Termination "Game drawn - insufficient material"]

1. e4 c5 2. c3 d5 3. exd5 Qxd5 4. d4 Nc6 5. Nf3 cxd4 6. cxd4 e6 7. Nc3 Qd8 8. Bb5 Bd7 9. O-O Nf6 10. Ne5 a6 11. Bxc6 Bxc6 12. Nxc6 bxc6 13. Bg5 Be7 14. Qf3 Qb6 15. Na4 Qb5 16. Nc3 Qb7 17. Rfd1 O-O 18. Bxf6 Bxf6 19. Ne4 Be7 20. Nc5 Qxb2 21. Qxc6 Rfc8 22.
Qd7 Bf6 23. Rab1 Qxa2 24. Rb7 Rf8 25. Ne4 Qe2 26. Nxf6+ gxf6 27. Rdb1 Rac8 28. h3 Rc2 29. Rf1 Rd2 30. Qe7 Kg7 31. Rd7 Qe4 32. Qd6 a5 33. Qg3+ Qg6 34. Qc3 Rd3 35. Qxa5 Rxh3 36. d5 Rh5 37.
Qd2 Rg5 38. f4 Rxd5 39. Rxd5 exd5 40. Qxd5 Rc8 41. Rf3 Rc1+ 42. Kh2 Qh6+ 43. Rh3 Qxf4+ 44. Rg3+ Kh6 45. Qxf7 Rh1+ 46. Kxh1 Qxg3 47. Qxf6+ Kh5 48. Qf5+ Kh6 49. Qf6+ Qg6 50. Qf4+ Qg5 51. Qf8+ Kh5 52. Qf3+ Qg4 53. Kh2 Qxf3 54. gxf3 Kg5 55. Kg3 h5 56. f4+ Kf5 57. Kh4 Kxf4 58. Kxh5 1/2-1/2

[Event "Live Chess"]
[Site "Chess.com"]
[Date "2023.05.21"]
[Round "-"]
[White "JoRoSaR"]
[Black "garyjc"]
[Result "1-0"]
[WhiteElo "1690"]
[BlackElo "1040"]
[TimeControl "300"]
[EndTime "6:01:27 PDT"]
[Termination "JoRoSaR won by resignation"]

1. e4 c5 2. Nf3 a6 3. d4 cxd4 4. Nxd4 b5 5. Be3 d6 6. Be2 g6 7.
O-O Bb7 8. c3 Bxe4 9. f3 Bb7 10.
Nb3 Bg7 11. Qc2 Nf6 12. a4 O-O 13. axb5 Nd5 14. Bd4 Bxd4+ 15. Nxd4 Ne3 16. Qb3 Nxf1 17. bxa6 Nxa6 18. Qxb7 Ne3 19. Rxa6 Rxa6 20. Qxa6 Qd7 21. Qd3 Nd5 22. c4 Nf6 23. b4 e5 24. Nb5 Rb8 25.
N1c3 Nh5 26. g3 Ra8 27. Qxd6 Ra1+ 28. Kg2 Qxd6 29. Nxd6 Nf6 30. b5 Rc1 31. Nce4 Nxe4 32. fxe4 Rc2 33. Kf3 Kg7 34. b6 Rb2 35. b7 Kf6 36. Nb5 1-0

[Event "Live Chess"]
[Site "Chess.com"]
[Date "2023.05.21"]
[Round "-"]
[White "JohanKjeldahl"]
[Black "davigator"]
[Result "1-0"]
[WhiteElo "1880"]
[BlackElo "2306"]
[TimeControl "300"]
[EndTime "6:01:40 PDT"]
[Termination "JohanKjeldahl won by resignation"]

1. c4 e5 2. Nc3 Bb4 3. Nd5 Bf8 4. Nf3 c6 5. Nc3 d6 6. e3 Nf6 7. Qc2 h6 8. a3 g6 9. b4 Bg7 10. Bb2 O-O 11. Be2 a5 12. O-O Bf5 13. d3 Re8 14. e4 Bg4 15. h3 Bxf3 16. Bxf3 Nbd7 17. Nd1 Nf8 18. Ne3 Ne6 19. c5 Nd4 20. Bxd4 exd4 21. Nc4 dxc5 22. bxc5 Qc7 23. Nd6 Re6 24. Rfe1 Nd7 25.
Bg4 Re7 26. Bxd7 Rxd7 27. Nc4 Bf8 28. Nb6 Re8 29. Nxd7 Qxd7 30. Rab1 Re5 31. Rec1 Rxc5 32. Qb3 Rb5 33. Qc4 Rxb1 34. Rxb1 Bxa3 35. Qb3 Bb4 36. f4 Kg7 37. Qc4 b5 38. Qc1 c5 39. g4 h5 40. Qd1 hxg4 41. hxg4 Qd6 42. Qf1 Bd2 43. e5 Qc6 44. Rb2 Be3+ 45. Kh2 c4 46. dxc4 bxc4 47. f5 gxf5 48. gxf5 Qh6+ 49. Kg2 Qg5+ 50.
Kh3 Qh5+ 51. Kg3 c3 52. f6+ Kg6 53. Rg2 Bg5 54. Qd3+ Kh6 55. Qxd4 c2 56. Rxc2 Qg6 57. Rh2+ Bh4+ 58. Kxh4 Kh7 59. Qg4 1-0

[Event "Live Chess"]
[Site "Chess.com"]
[Date "2023.05.21"]
[Round "-"]
[White "KeithArkell"]
[Black "LL220284LL"]
[Result "1-0"]
[WhiteElo "2480"]
[BlackElo "2277"]
[TimeControl "300"]
[EndTime "6:01:40 PDT"]
[Termination "KeithArkell won by resignation"]

1. d4 Nf6 2. Nf3 e6 3. c4 Bb4+ 4. Bd2 Bxd2+ 5. Qxd2 O-O 6. Nc3 b6 7. g3 Bb7 8. Bg2 d5 9. cxd5 Nxd5 10. O-O Nxc3 11.
bxc3 Nd7 12. Nh4 Bxg2 13. Nxg2 c5 14. Rfd1 Qe7 15. Nf4 Rfd8 16. Nd3 cxd4 17. cxd4 Rac8 18. Rac1 Qa3 19. Rc2 Nf6 20. e3 Ne4 21. Qc1 Qxc1 22.
Rdxc1 Nd6 23. Ne5 Rxc2 24. Rxc2 Rc8 25. Rb2 f6 26. Nd3 Kf7 27. a4 Ke7 28. a5 Nc4 29. Rc2 bxa5 30. Nc5 Nb6 31. Ra2 a4 32. Nxa4 Nxa4 33.
Rxa4 Rc7 34. Ra6 Kd7 35. Kg2 Ke7 36. g4 Rb7 37. h4 Kf7 38. Kf3 g6 39. g5 Rd7 40. Kf4 Ke7 41. f3 Kf7 42. Ke4 Ke7 43.
f4 Kf7 44. Kd3 Ke7 45. e4 Kf7 46. gxf6 Kxf6 47. d5 Kf7 48. Rxe6 h6 49. h5 gxh5 50. Rxh6 Kg7 51. Rxh5 Kg6 52. Rg5+ Kf6 53. e5+ Kf7 54. e6+ 1-0

[Event "Live Chess"]
[Site "Chess.com"]
[Date "2023.05.21"]
[Round "-"]
[White "raminguy"]
[Black "ChessTWSS"]
[Result "0-1"]
[WhiteElo "1940"]
[BlackElo "1634"]
[TimeControl "300"]
[EndTime "6:01:44 PDT"]
[Termination "ChessTWSS won by resignation"]

1. d4 d5 2. Nc3 c5 3. e4 dxe4 4. Bf4 cxd4 5. Nxe4 e5 6. Bxe5 Qa5+ 7. c3 Qxe5 8. Qa4+ Nc6 9. f3 dxc3 10. O-O-O cxb2+ 11. Kb1 a6 12. Re1 Bf5 13. g4 Bb4 14. Re2 Nf6 15. gxf5 O-O 16. Nxf6+ Qxf6 17. Rxb2 Bc3 18.
Rc2 Nb4 19. Rg2 b5 20. Qb3 Rfe8 21. Ne2 Qxf5+ 22. Kc1 Nd3+ 23. Kd1 Nb2+ 24. Kc1 Bf6 25. Rhg1 Rac8+ 26. Kd2 Qd7+ 27. Ke1 Nd3+ 28. Kd2 Nb4+ 29. Ke1 Bh4+ 30. Rg3 Bxg3+ 31. Rxg3 Qd4 32. a3 Rc1+ 0-1

[Event "Live Chess"]
[Site "Chess.com"]
[Date "2023.05.21"]
[Round "-"]
[White "wot-not"]
[Black "AttackingSnowLeopard"]
[Result "0-1"]
[WhiteElo "1529"]
[BlackElo "2159"]
[TimeControl "300"]
[EndTime "6:01:49 PDT"]
[Termination "AttackingSnowLeopard won by checkmate"]

1. e4 c6 2. Nf3 d5 3. e5 Bg4 4. d4 e6 5. Bd3 Nd7 6. O-O Ne7 7. Nbd2 Nf5 8. Bxf5 Bxf5 9. Nb3 c5 10. dxc5 Nxc5 11. Nxc5 Bxc5 12. a3 O-O 13. Nd4 Bg6 14. c3 Rc8 15.
Bf4 Qb6 16. Qd2 Bxd4 17. cxd4 Rc2 18. Qb4 Rxb2 19. Qxb6 Rxb6 20. Rfc1 Bd3 21. Rc7 Bc4 22.
Bg5 Rb3 23. Be7 Re8 24. Rd1 h6 25. f4 a6 26. Kf2 Rb2+ 27. Kg3 Be2 28. Rdc1 Bd3 29.
h4 Be4 30. Re1 Rxg2+ 31. Kh3 Rd2 32. Rxb7 Rxd4 33. Bc5 Rd3+ 34. Kg4 Bf5+ 35. Kh5 Bg6+ 36. Kg4 h5+ 37. Kg5 Rg3# 0-1

[Event "Live Chess"]
[Site "Chess.com"]
[Date "2023.05.21"]
[Round "-"]
[White "Biranidun"]
[Black "AMCWAML"]
[Result "1-0"]
[WhiteElo "2528"]
[BlackElo "2304"]
[TimeControl "300"]
[EndTime "6:01:55 PDT"]
[Termination "Biranidun won on time"]

1. e4 c5 2. Nf3 Nc6 3. d4 cxd4 4.
Nxd4 e5 5. Nb5 d6 6. N1c3 a6 7. Na3 Be6 8. Nc4 Rb8 9. a4 b5 10. axb5 axb5 11. Nxb5 Rxb5 12. Nxd6+ Bxd6 13. Bxb5 Ne7 14. Ra6 Qc7 15. c3 O-O 16. Qa4 Nd4 17. Bd3 Bb3 18. Qa5 Nc2+ 19. Kd2 Qd7 20. Qb6 Bb4 21. Ra7 Qg4 22. Bxc2 Bxc2 23. Qxb4 Qxg2 24. Kxc2 Qxh1 25. Rxe7 Qxh2 26. Be3 Qh5 27. Qb5 Rd8 28. Re8+ 1-0

[Event "Live Chess"]
[Site "Chess.com"]
[Date "2023.05.21"]
[Round "-"]
[White "zdanevych"]
[Black "onemoretime1975"]
[Result "0-1"]
[WhiteElo "1509"]
[BlackElo "1881"]
[TimeControl "300"]
[EndTime "6:01:55 PDT"]
[Termination "onemoretime1975 won by resignation"]

1. d4 d5 2. c4 e6 3. Nc3 Nf6 4.
cxd5 exd5 5. Nf3 c6 6. h3 Bf5 7.
Bg5 Be7 8. e3 h6 9. Bh4 Nbd7 10.
Be2 Ne4 11. Bxe7 Qxe7 12. O-O O-O 13. Nd2 Ndf6 14. Bd3 Nxc3 15. bxc3 Bxd3 16. Nf3 Be4 17. Ne5 Nd7 18. Nd3 Bxd3 19. Qxd3 b5 20. a4 a6 21. Rfe1 f5 22. axb5 axb5 23. Rxa8 Rxa8 24. Qe2 Nf6 25. Qf3 g6 26. Qe2 Ne4 27. Qb2 Qa3 0-1

[Event "Live Chess"]
[Site "Chess.com"]
[Date "2023.05.21"]
[Round "-"]
[White "yarek"]
[Black "whatnot126"]
[Result "0-1"]
[WhiteElo "1861"]
[BlackElo "2052"]
[TimeControl "300"]
[EndTime "6:02:09 PDT"]
[Termination "whatnot126 won on time"]

1. e4 d6 2. d4 Nf6 3. Nc3 g6 4.
Nf3 Bg7 5. Be2 O-O 6. O-O a6 7. h3 b5 8. a3 Bb7 9. d5 e6 10. Bg5 Nbd7 11. Re1 h6 12. Bh4 g5 13. Bg3 Nc5 14.
Bd3 exd5 15. exd5 Nxd5 16. Nxd5 Bxd5 17. c3 Bb7 18. Bc2 f5 19. Nd4 Qd7 20. Qh5 Ne4 21.
Bh2 c5 22. Nf3 Nf6 23. Qg6 Qc6 24. Bxf5 Rae8 25. Be6+ Kh8 26. Bf7 Rxf7 27. Qxf7 Rf8 28. Qg6 Ne4 29. Rad1 Rf6 30. Qh5 b4 31. Re3 bxa3 32.
bxa3 Qb5 33. Rde1 d5 34. Ne5 Qb2 35. Ng6+ Rxg6 36. Qxg6 Qxf2+ 37. Kh1 Qf8 0-1

[Event "Live Chess"]
[Site "Chess.com"]
[Date "2023.05.21"]
[Round "-"]
[White "MaximKhimchenko"]
[Black "Olisingapore"]
[Result "0-1"]
[WhiteElo "1402"]
[BlackElo "1785"]
[TimeControl "300"]
[EndTime "6:02:11 PDT"]
[Termination "Olisingapore won - game abandoned"]

1. e4 c5 2. Nf3 d6 3. c3 Nf6 4.
d4 Nxe4 5. Bd3 Nf6 6. O-O cxd4 7. cxd4 Nbd7 8. Nc3 g6 9. Re1 Bg7 10. Bg5 O-O 11. Ne4 Nxe4 12. Bxe4 h6 13. Bh4 Nf6 14. Bxf6 Bxf6 15. Rc1 Bg4 16. h3 Bxf3 17. Qxf3 Qb6 18. b3 Bxd4 19. Rc4 Rac8 20. Bd5 e6 21. Rxc8 Rxc8 22. Bxb7 Rc3 23. Qe4 Bxf2+ 24. Kh2 Bxe1 25. Qxe1 Re3 26. Qg1 Re2 27. Bf3 Qxg1+ 28. Kxg1 Rxa2 29. Bc6 Ra1+ 0-1

[Event "Live Chess"]
[Site "Chess.com"]
[Date "2023.05.21"]
[Round "-"]
[White "nigelst"]
[Black "friarnator"]
[Result "0-1"]
[WhiteElo "1709"]
[BlackElo "2019"]
[TimeControl "300"]
[EndTime "6:02:16 PDT"]
[Termination "friarnator won by resignation"]

1. e4 d6 2. d4 Nf6 3. Nc3 g6 4. f4 Bg7 5. e5 dxe5 6. dxe5 Qxd1+ 7. Kxd1 Ng4 8. Ke1 c6 9. h3 Nh6 10. g4 f6 11. exf6 exf6 12. Kf2 f5 13. g5 Nf7 14. Bd2 O-O 15. Bc4 Nd7 16. Nf3 Nb6 17. Bb3 a5 18.
Na4 Nxa4 19. Bxa4 b5 20. Bb3 a4 21. Bxf7+ Rxf7 22. c3 Be6 23. Rhe1 Bd5 24. Be3 a3 25. Bd4 axb2 26. Rab1 Rxa2 27. Bxg7 Kxg7 28. Ne5 Re7 29. Re2 Be4 30. Rbxb2 Rxb2 31. Rxb2 Ra7 32. Rd2 Kf8 33. Rd8+ Ke7 34. Rc8 Ra3 35. Nxc6+ Kd7 36. Rh8 Kxc6 37. Rxh7 Rxc3 38. Rh8 b4 39. Rg8 Rxh3 40.
Rxg6+ Kd7 41. Rb6 b3 42. g6 Ke7 43. g7 Kf7 44. Rg6 Kg8 45. Rb6 Kxg7 46. Rb8 b2 47.
Ke2 b1=Q 0-1

[Event "Live Chess"]
[Site "Chess.com"]
[Date "2023.05.21"]
[Round "-"]
[White "Ian-Morley"]
[Black "AlanPaling"]
[Result "1/2-1/2"]
[WhiteElo "1060"]
[BlackElo "1355"]
[TimeControl "300"]
[EndTime "6:02:18 PDT"]
[Termination "Game drawn - timeout vs insufficient material"]

1. e4 Nf6 2. e5 Nd5 3. d4 d6 4. c4 Nb6 5. c5 dxc5 6. dxc5 Qxd1+ 7. Kxd1 N6d7 8. b4 Nxe5 9. Bb2 Ng6 10. h4 h5 11. Nf3 Bg4 12. Bc4 Bxf3+ 13. gxf3 Nd7 14.
Nd2 c6 15. Ne4 e6 16. Ng5 Nf4 17. Bc1 Nd5 18. Bxd5 cxd5 19. Ke2 Be7 20. Bf4 Bf6 21.
Rac1 O-O 22. Bd6 Rfe8 23. b5 Rac8 24. c6 bxc6 25. bxc6 Nb6 26. a4 Nc4 27. Bf4 Rxc6 28. a5 Ra6 29. Rb1 Rxa5 30. Rb7 Be7 31. Rg1 Ra6 32.
Nh3 f6 33. Bh6 Ra2+ 34. Kd3 Ne5+ 35. Kc3 g5 36. hxg5 f5 37. Nf4 Ra3+ 38. Rb3 Rxb3+ 39. Kxb3 Bf8 40. Bxf8 Kxf8 41. Nxh5 Nxf3 42. Ra1 Re7 43.
Ng3 d4 44. Ne2 d3 45. Nc3 d2 46. Nd1 Nxg5 47. Kc2 Ne4 48. f3 Ng5 49. Kxd2 Nxf3+ 50. Ke2 Nd4+ 51. Ke3 e5 52. Nc3 Kf7 53. Nd5 Rd7 54.
Nc3 Nc2+ 55. Kf3 Nxa1 56. Nb5 1/2-1/2

[Event "Live Chess"]
[Site "Chess.com"]
[Date "2023.05.21"]
[Round "-"]
[White "Hacker_2009"]
[Black "LiamBellwood"]
[Result "1-0"]
[WhiteElo "1931"]
[BlackElo "1914"]
[TimeControl "300"]
[EndTime "6:02:23 PDT"]
[Termination "Hacker_2009 won by resignation"]

1. d4 e6 2. Nf3 f5 3. c4 Nf6 4.
Nc3 Bb4 5. Bd2 Bxc3 6. Bxc3 b6 7.
e3 Bb7 8. Be2 Ne4 9. Qc2 O-O 10.
O-O d6 11. b3 Nd7 12. Bb2 Ndf6 13. Rac1 a5 14. Rfd1 Ng4 15. Rf1 Ngf6 16. Rfd1 Ng4 17.
Rf1 Qe8 18. h3 Ngf6 19. Ba3 Qg6 20. c5 Nd5 21. cxd6 cxd6 22. Nd2 Nb4 23. Bxb4 Nxd2 24. Bxd2 Qg3 25. fxg3 1-0

[Event "Live Chess"]
[Site "Chess.com"]
[Date "2023.05.21"]
[Round "-"]
[White "MarkLim1"]
[Black "kevinmilleruk"]
[Result "1-0"]
[WhiteElo "1708"]
[BlackElo "1149"]
[TimeControl "300"]
[EndTime "6:02:37 PDT"]
[Termination "MarkLim1 won by resignation"]

1. e4 e5 2. Bc4 Nf6 3. d3 Nc6 4. Nf3 Bc5 5. O-O d6 6. Nbd2 Bg4 7. h3 Bxf3 8. Qxf3 Nd4 9. Qd1 O-O 10. c3 Ne6 11. Re1 a6 12. Nf1 h6 13. Be3 b5 14. Bb3 a5 15. d4 exd4 16. cxd4 Bb6 17. Bc2 d5 18. e5 Ne4 19. Rc1 c5 20. Bxe4 dxe4 21. dxc5 Ba7 22. Qg4 Ng5 23. h4 Nh7 24.
Bxh6 g6 25. Bxf8 Qxf8 26. e6 fxe6 27. Qxg6+ Kh8 28. Qxe4 Bxc5 29. Qe5+ Kg8 30. Qxc5 Qf7 31. Re3 Rf8 32. Rf3 Qg7 33. Rxf8+ Nxf8 34. Qg5 Qxg5 35.
hxg5 1-0

[Event "Live Chess"]
[Site "Chess.com"]
[Date "2023.05.21"]
[Round "-"]
[White "JoeRoot66"]
[Black "Duke_of_Bebington"]
[Result "1-0"]
[WhiteElo "1892"]
[BlackElo "1567"]
[TimeControl "300"]
[EndTime "6:03:03 PDT"]
[Termination "JoeRoot66 won by resignation"]

1. e4 e5 2. Nc3 Nf6 3. f4 d6 4. Nf3 Be7 5. fxe5 dxe5 6. Nxe5 Bb4 7. Qf3 Bxc3 8. bxc3 O-O 9. d4 Bg4 10. Nxg4 Re8 11. Bg5 Rxe4+ 12. Qxe4 Nxe4 13. Bxd8 Nxc3 14. Bxc7 1-0

[Event "Live Chess"]
[Site "Chess.com"]
[Date "2023.05.21"]
[Round "-"]
[White "smoggyrabbit"]
[Black "ameetghasi100"]
[Result "0-1"]
[WhiteElo "1650"]
[BlackElo "2606"]
[TimeControl "300"]
[EndTime "6:03:11 PDT"]
[Termination "ameetghasi100 won on time"]

1. d4 c5 2. d5 Nc6 3. dxc6 bxc6 4. Nc3 Nf6 5. Nf3 d5 6. Bf4 g6 7. e3 Bg7 8. Be2 O-O 9. O-O Bb7 10. Na4 c4 11. Nc5 Bc8 12. Ne5 Qb6 13. Na4 Qa6 14. Nc3 Ne8 15. e4 e6 16. exd5 cxd5 17. b3 Qa5 18.
Na4 Nf6 19. Nc6 Qa6 20. Ne7+ Kh8 21. Nxc8 Raxc8 22. Be5 Ne4 23. Bxg7+ Kxg7 24. Qd4+ Nf6 25. g4 e5 26. Qxe5 Rfe8 27. Qd4 Re4 28. Nc5 Qb6 29.
Nxe4 Qxd4 30. Nxf6 Qxf6 31. Kh1 Qh4 0-1

[Event "Live Chess"]
[Site "Chess.com"]
[Date "2023.05.21"]
[Round "-"]
[White "Bot_Boy"]
[Black "romchyk1219"]
[Result "0-1"]
[WhiteElo "332"]
[BlackElo "648"]
[TimeControl "300"]
[EndTime "6:03:18 PDT"]
[Termination "romchyk1219 won on time"]

1. e4 d6 2. Nf3 Nf6 3. Nc3 g6 4.
Bc4 Bg7 5. d3 O-O 6. O-O e5 7.
Bg5 Nc6 8. Qd2 Nd4 9. Nxd4 exd4 10. Nd5 c6 11. Nxf6+ Bxf6 12. Bxf6 Qxf6 13. c3 dxc3 14.
Qxc3 Qg5 15. Kh1 d5 16. exd5 cxd5 17. f4 Qg4 18. Bxd5 Rd8 19. Qc4 Qf5 20. Bxf7+ Qxf7 21.
Qxf7+ Kxf7 22. Rae1 Re8 23. Rxe8 Kxe8 24. h3 Bf5 25. d4 Rd8 26. Rd1 Be6 27. g4 Bxa2 28. Re1+ Kf7 29. Re4 Bd5 0-1

[Event "Live Chess"]
[Site "Chess.com"]
[Date "2023.05.21"]
[Round "-"]
[White "Nazar_777"]
[Black "1600x"]
[Result "0-1"]
[WhiteElo "1568"]
[BlackElo "1875"]
[TimeControl "300"]
[EndTime "6:03:18 PDT"]
[Termination "1600x won by checkmate"]

1. e3 e5 2. h4 d5 3. a3 Nf6 4. c4 d4 5. Nf3 Bd6 6. Be2 d3 7. Bf1 e4 8. Ng5 h6 9. Nh3 Bg4 10. Qb3 Nbd7 11. Nf4 O-O 12. Nc3 Nc5 13. Qa2 a5 14. b3 Bxf4 15. exf4 Ne6 16. g3 Bf3 17. Rg1 Nd4 18. Bg2 Ng4 19. Bb2 Nc2+ 20. Kf1 Nh2# 0-1

[Event "Live Chess"]
[Site "Chess.com"]
[Date "2023.05.21"]
[Round "-"]
[White "matt1979"]
[Black "EdenHazard8"]
[Result "0-1"]
[WhiteElo "1539"]
[BlackElo "1950"]
[TimeControl "300"]
[EndTime "6:03:35 PDT"]
[Termination "EdenHazard8 won by resignation"]

1. f4 d5 2. e3 c5 3. Nf3 Nf6 4. b3 Nc6 5. Bb5 Bg4 6. O-O e6 7. Qe1 Be7 8. Ne5 Rc8 9. Bb2 Bf5 10. d3 O-O 11. Bxc6 bxc6 12. Nd2 Nd7 13. Nxd7 Qxd7 14.
Qg3 f6 15. Nf3 Bg6 16. Nh4 Bf7 17. f5 e5 18. e4 c4 19. Bc1 cxb3 20. Bh6 g5 21.
fxg6 hxg6 22. Nxg6 Kh7 23. Nxf8+ Bxf8 24. Bxf8 Rxf8 25. axb3 dxe4 26. Qh4+ Kg8 27. Qxe4 f5 28. Qxe5 Bg6 29. Rf3 Re8 30. Qf4 Re4 31. Qg5 Qd4+ 32. Re3 Rxe3 33. Qxg6+ Kf8 34. Qh6+ Ke8 35. Qg6+ Kd8 36.
Qg8+ Re8+ 0-1

[Event "Live Chess"]
[Site "Chess.com"]
[Date "2023.05.21"]
[Round "-"]
[White "LiamClery2020"]
[Black "Conradical12"]
[Result "1-0"]
[WhiteElo "1975"]
[BlackElo "1582"]
[TimeControl "300"]
[EndTime "6:03:40 PDT"]
[Termination "LiamClery2020 won by resignation"]

1. e4 e5 2. Nc3 Nc6 3. Bc4 Nf6 4. d3 Bc5 5. Nf3 d6 6. Na4 Bb6 7. Nxb6 axb6 8. a3 O-O 9. h3 Be6 10. Bxe6 fxe6 11. O-O h6 12. c3 d5 13. exd5 exd5 14. Re1 Qd6 15. b4 Rae8 16. Bb2 e4 17. dxe4 Nxe4 18.
Qd3 Qf6 19. Qxd5+ Rf7 20. Rxe4 Rxe4 21. Qxe4 Ne7 22. Rd1 1-0

[Event "Live Chess"]
[Site "Chess.com"]
[Date "2023.05.21"]
[Round "-"]
[White "SupremeTactician"]
[Black "Asperasummitatem"]
[Result "1-0"]
[WhiteElo "2241"]
[BlackElo "1267"]
[TimeControl "300"]
[EndTime "6:03:54 PDT"]
[Termination "SupremeTactician won by checkmate"]

1. e4 e5 2. Nf3 Nf6 3. Nc3 Nc6 4. Bb5 Bc5 5. O-O O-O 6. Nxe5 Nxe5 7. d4 Bd6 8. dxe5 Bxe5 9. f4 Bxc3 10. bxc3 Nxe4 11.
Bd3 Nxc3 12. Qf3 Na4 13. Qe4 g6 14. Qxa4 d6 15. Bb2 c6 16. Qd4 f6 17. Rae1 d5 18. c4 Bd7 19. cxd5 cxd5 20. Qxd5+ Kh8 21. Ba3 Bc6 22.
Qxd8 Rfxd8 23. Re3 Rd7 24. Bb2 Kg7 25. Rfe1 Rad8 26.
Re7+ Rxe7 27. Rxe7+ Kh6 28. Bxf6 Rxd3 29. g4 Rf3 30.
Bg5# 1-0

[Event "Live Chess"]
[Site "Chess.com"]
[Date "2023.05.21"]
[Round "-"]
[White "ProfPoisson"]
[Black "AyannaTang"]
[Result "1-0"]
[WhiteElo "1213"]
[BlackElo "230"]
[TimeControl "300"]
[EndTime "6:03:57 PDT"]
[Termination "ProfPoisson won by checkmate"]

1. e4 e5 2. Nf3 Nc6 3. d4 exd4 4. Nxd4 Nxd4 5. Qxd4 b6 6. Nc3 Bc5 7. Qd5 c6 8. Qf5 g6 9. Qf3 Bd4 10. Bc4 Bxc3+ 11. Qxc3 Nf6 12. Bg5 h5 13. Bxf6 O-O 14. Bxd8 Rxd8 15. Qf6 Re8 16. Qxf7+ Kh8 17. Qxe8+ Kg7 18.
Qg8+ Kf6 19. f4 Ke7 20. Qf7+ Kd6 21. O-O-O+ Kc7 22. Qxg6 a5 23. Qxh5 Ba6 24. Bxa6 Rxa6 25. Qe5+ d6 26. Qxd6+ Kb7 27. Qd7+ Kb8 28. Qd8+ Kb7 29.
Rd7# 1-0

[Event "Live Chess"]
[Site "Chess.com"]
[Date "2023.05.21"]
[Round "-"]
[White "febray_27"]
[Black "JanMur7"]
[Result "1/2-1/2"]
[WhiteElo "2001"]
[BlackElo "1963"]
[TimeControl "300"]
[EndTime "6:04:11 PDT"]
[Termination "Game drawn by repetition"]

1. Nf3 g6 2. d4 Bg7 3. g3 c5 4.
Bg2 cxd4 5. Nxd4 Nc6 6. Nxc6 bxc6 7. O-O Nf6 8. c3 O-O 9. Nd2 d5 10. Nf3 Ne4 11. Bf4 Re8 12. Nd4 Bd7 13. Be3 e5 14. Nb3 a5 15. Nc5 Nxc5 16. Bxc5 Bf8 17. Bxf8 Kxf8 18.
Qd2 Kg7 19. Rfd1 Rb8 20. b3 Bf5 21. e3 e4 22. Qd4+ Qf6 23. Qxf6+ Kxf6 24. Rac1 Bg4 25. Rd4 Ke5 26. c4 Rbc8 27. h3 Be6 28. f4+ exf3 29.
Bxf3 dxc4 30. bxc4 Bxh3 31. Rh4 Bf5 32. Rxh7 Kf6 33.
e4 Bxe4 34. Bxe4 Rxe4 35. Rf1+ Kg5 36. Rc1 f5 37. Rc2 Rce8 38. Ra7 Re1+ 39. Kf2 Rh1 40. Kg2 Rhe1 41. Kf2 R8e5 42. c5 Rh1 43. Kg2 Rhe1 44. Kf2 Rh1 45. Kg2 Rhe1 46. Kf2 1/2-1/2

[Event "Live Chess"]
[Site "Chess.com"]
[Date "2023.05.21"]
[Round "-"]
[White "garyjc"]
[Black "raminguy"]
[Result "0-1"]
[WhiteElo "1040"]
[BlackElo "1940"]
[TimeControl "300"]
[EndTime "6:04:14 PDT"]
[Termination "raminguy won by resignation"]

1. e4 e5 2. Nf3 Nc6 3. d4 exd4 4. Nxd4 Qf6 5. Nxc6 Bc5 6. Be3 Bxe3 7. fxe3 dxc6 8.
Nc3 Qh4+ 9. g3 Qe7 10. Qe2 Nf6 11. O-O-O Nxe4 12. Nxe4 Qxe4 13. Bg2 Qa4 14. Kb1 Bg4 15. Qxg4 Qxg4 0-1

[Event "Live Chess"]
[Site "Chess.com"]
[Date "2023.05.21"]
[Round "-"]
[White "Anirudh_23"]
[Black "sanjesh_ananda"]
[Result "1-0"]
[WhiteElo "1890"]
[BlackElo "1162"]
[TimeControl "300"]
[EndTime "6:04:21 PDT"]
[Termination "Anirudh_23 won by resignation"]

1. Nf3 Nc6 2. d4 d5 3. g3 Nf6 4. Bg2 Bg4 5. O-O e5 6. Nxe5 Bd6 7. Nxg4 Nxg4 8. e4 Qc8 9. exd5 Ne7 10. Bh3 f5 11. f3 Nf6 12. c4 c6 13. dxc6 Qxc6 14. b3 O-O 15. Bb2 Nd7 16. f4 Bb4 17. Bg2 Qg6 18. a3 Ba5 19. b4 Bc7 20. d5 Nc8 21. c5 Bd8 22. Nd2 Bf6 23. Qb3 Bxb2 24. Qxb2 Nf6 25.
Nc4 Nxd5 26. Bxd5+ Kh8 27. Ne5 Qh6 28. Nf7+ 1-0

[Event "Live Chess"]
[Site "Chess.com"]
[Date "2023.05.21"]
[Round "-"]
[White "tpm07"]
[Black "CheckThis4"]
[Result "0-1"]
[WhiteElo "1942"]
[BlackElo "2520"]
[TimeControl "300"]
[EndTime "6:04:33 PDT"]
[Termination "CheckThis4 won by resignation"]

1. e4 c5 2. Nf3 Nc6 3. d4 cxd4 4. Nxd4 g6 5. c4 Bg7 6. Be3 Nf6 7. Nc3 O-O 8. Be2 d6 9. O-O Nxd4 10. Bxd4 Be6 11. Qd2 Rc8 12. b3 Qa5 13. Rfd1 Rfe8 14.
f3 a6 15. Rac1 Nd7 16. Bxg7 Kxg7 17. Qd4+ Qe5 18. Qxe5+ Nxe5 19. f4 Nc6 20. Nd5 Bxd5 21. exd5 Nb8 22. Bg4 f5 23. Bf3 Nd7 24. Re1 Nc5 25.
Re3 b5 26. Rce1 Kf7 27. b4 Na4 28. cxb5 axb5 29. Be2 Nc3 30. Bf1 Nxd5 31. Ra3 Nxb4 32. Rb3 Nxa2 33. Bxb5 Red8 34. Ra1 Nc3 35. Bf1 Rc7 36. h3 d5 37. Bd3 d4 38. Kf2 Rd6 39.
g4 Ne4+ 40. Kf3 Nd2+ 0-1

[Event "Live Chess"]
[Site "Chess.com"]
[Date "2023.05.21"]
[Round "-"]
[White "LordBenin"]
[Black "HoarseyHorsey"]
[Result "1-0"]
[WhiteElo "1377"]
[BlackElo "1456"]
[TimeControl "300"]
[EndTime "6:04:35 PDT"]
[Termination "LordBenin won by resignation"]

1. e4 c5 2. Nf3 e6 3. c3 d5 4. exd5 exd5 5. d4 Nf6 6. Bb5+ Nc6 7. O-O Bg4 8. Re1+ Be7 9. dxc5 O-O 10. b4 Re8 11. Be3 Ne4 12. h3 Bh5 13. Be2 Bf6 14.
Qc2 Bg6 15. Bd3 Qd7 16. Nbd2 Nxd2 17. Qxd2 Bxd3 18. Qxd3 Ne5 19. Nxe5 Bxe5 20. Bd4 f6 21. Rad1 Qc7 22. Bxe5 Rxe5 23. Rxe5 Qxe5 24. Qxd5+ Qxd5 25. Rxd5 Rb8 26. Kf1 Kf7 27. Rd7+ Kg6 28. a4 f5 29. Ke2 Kf6 30. Kf3 h6 31. Rd6+ Ke7 32.
g4 fxg4+ 33. hxg4 b6 34. Ke4 bxc5 35. bxc5 Re8 36. Ra6 Ra8 37. f4 Kf8 38. Kd5 Ke8 39. c6 Ke7 40. c4 Rd8+ 41. Ke5 Ra8 42. c5 g6 43. Ra5 a6 44. f5 gxf5 45. Kxf5 Rg8 46.
Rxa6 Rg5+ 47. Kf4 Rxc5 48. Ra7+ Kd6 49. c7 Rc4+ 50. Kf5 Rxc7 51. Rxc7 Kxc7 52. Kg6 1-0

[Event "Live Chess"]
[Site "Chess.com"]
[Date "2023.05.21"]
[Round "-"]
[White "GEMdzq"]
[Black "ViktorTheCoolBoy"]
[Result "0-1"]
[WhiteElo "2259"]
[BlackElo "2465"]
[TimeControl "300"]
[EndTime "6:04:35 PDT"]
[Termination "ViktorTheCoolBoy won by resignation"]

1. e4 c6 2. d4 d5 3. e5 c5 4.
dxc5 e6 5. Be3 Nd7 6. Bb5 Qc7 7. Nf3 Bxc5 8. Bxc5 Qxc5 9. Nc3 Ne7 10. O-O O-O 11. Bd3 Ng6 12. Re1 Qc7 13. h4 Ngxe5 14. Nxe5 Nxe5 15. Bxh7+ Kxh7 16. Qh5+ Kg8 17. Rxe5 f6 18.
Re2 d4 19. Ne4 Qc4 20. Rae1 e5 21. Qf3 Qc6 22. Qg3 Bf5 23. h5 Kh7 24. Qf3 Qd7 25.
Nc5 Qc8 26. Nxb7 Bg4 27. Qe4+ f5 28. Qd5 Bxe2 29. Rxe2 e4 30. Nd6 Qd7 31. Rd2 Rad8 32. Rxd4 Rf6 33. Nxf5 Qxd5 0-1

[Event "Live Chess"]
[Site "Chess.com"]
[Date "2023.05.21"]
[Round "-"]
[White "jumush"]
[Black "stevochess11"]
[Result "1/2-1/2"]
[WhiteElo "1728"]
[BlackElo "1703"]
[TimeControl "300"]
[EndTime "6:04:42 PDT"]
[Termination "Game drawn by repetition"]

1. e4 c5 2. Nc3 g6 3. d4 cxd4 4.
Qxd4 Nf6 5. Be3 Nc6 6. Qd2 Bg7 7.
f3 d6 8. O-O-O O-O 9. h4 Qa5 10.
Kb1 Be6 11. Nge2 Nb4 12. Nc1 Ne8 13. h5 Bxc3 14. Qxc3 Bxa2+ 15. Nxa2 Qxa2+ 16. Kc1 Qa1+ 17. Kd2 Qa5 18. hxg6 fxg6 19. Bc4+ d5 20. exd5 Nd6 21. Rxh7 Kxh7 22. Rh1+ Kg8 23. Bh6 Nxc4+ 24. Ke2 Rf7 25. Bg5 Rg7 26. Qxc4 Qxd5 27. Qh4 Qc4+ 28. Kf2 Qxc2+ 29. Kg3 Qc7+ 30. f4 Kf7 31. Re1 Nd3 32. Rxe7+ Qxe7 33. Bxe7 Re8 34. Qf6+ Kg8 35. Qe6+ Kh8 36.
Qh3+ Kg8 37. Qe6+ Kh8 38. Qh3+ Kg8 39. Qe6+ 1/2-1/2